 Dungeon Crawl Stone Soup version 0.25-a0-651-g8c222c7a2b (webtiles) character file.

Game seed: 9177476873191295651, levelgen mode: deterministic

620 Grim the Cudgeler (level 7, 0/71 HPs)
             Began as an Ogre Berserker on Mar 22, 2020.
             Was an Elder of Trog.
             Succumbed to a worker ant's poison
             ... on level 4 of the Dungeon.
             The game lasted 00:09:46 (3728 turns).

Grim the Cudgeler (Ogre Berserker)                  Turns: 3728, Time: 00:09:46

Health: 0/71       AC:  0    Str: 22    XL:     7   Next: 46%
Magic:  7/7        EV: 10    Int:  8    God:    Trog [****..]
Gold:   316        SH:  0    Dex: 10    Spells: 6/6 levels left

rFire    + + +     SeeInvis +   C - +1 whip of Tanud {pain, *Corrode Fragile rF+++ SInv}
rCold    . . .     Gourm    .   (no shield)
rNeg     . . .     Faith    .   b - +1 animal skin
rPois    .         Spirit   .   (helmet restricted)
rElec    .         Reflect  .   (no cloak)
rCorr    .         Harm     +   (gloves unavailable)
MR       .....                  (boots unavailable)
Stlth    +.........             n - amulet of harm
HPRegen  0.21/turn              t - ring of flight
MPRegen  0.10/turn              (no ring)

@: lethally poisoned (0 -> -1), corroded, berserk cooldown, slowed, very slow
A: large, unfitting armour, tough skin 1
a: Berserk, Trog's Hand, Brothers in Arms, Renounce Religion, Evoke Flight


You were on level 4 of the Dungeon.
You worshipped Trog.
Trog was greatly pleased with you.
You were not hungry.

You visited 1 branch of the dungeon, and saw 4 of its levels.
You also visited: Sewer.

You collected 316 gold pieces.

Inventory:

Hand Weapons
 a - a +0 mace
 C - the +1 whip of Tanud (weapon) {pain, *Corrode Fragile rF+++ SInv}
   (You found it on level 4 of the Dungeon)

   In the hands of one skilled in necromantic magic, it inflicts extra damage on
   living creatures.
   It renders you almost immune to fire.
   It lets you see invisible.
   It may corrode you when you take damage.
   It will be destroyed if unequipped.
Missiles
 h - 7 silver javelins (quivered)
 o - a throwing net
Armour
 b - a +1 animal skin (worn)
Jewellery
 i - an uncursed amulet of guardian spirit
 m - an uncursed ring of protection from cold
 n - an amulet of harm (around neck)
 t - a ring of flight (left hand)
Scrolls
 e - a scroll of amnesia
 g - a scroll of remove curse
 j - 3 scrolls of enchant armour
 k - 3 scrolls of identify {unknown}
 l - a scroll of fear {unknown}
 p - a scroll of noise {unknown}
 q - a scroll of magic mapping {unknown}
 r - a scroll of random uselessness {unknown}
 v - 2 scrolls of blinking {unknown}
 x - a scroll of fog {unknown}
 y - a scroll of teleportation {unknown}
Potions
 d - 2 potions of curing {unknown}
 f - a potion of resistance {unknown}
 s - a potion of flight {unknown}
 u - a potion of might {unknown}
 w - a potion of haste {unknown}
 z - 2 potions of degeneration {unknown}
 A - 4 potions of heal wounds {unknown}
Comestibles
 c - 10 rations
 B - 3 chunks of flesh


   Skills:
 - Level 4.4 Fighting
 * Level 7.6 Maces & Flails
 - Level 2.6 Dodging


You had 6 spell levels left.
You didn't know any spells.
Your spell library was empty.

Dungeon Overview and Level Annotations

Branches:
Dungeon (4/15)              Sewer (visited)
 Temple: D:4-7

Altars:
Dithmenos


Innate Abilities, Weirdness & Mutations

You are too large for most types of armour.
You have tough skin. (AC +1)


Message History

The gnoll hits you with a +0 club!
* * * LOW HITPOINT WARNING * * *
You closely miss the gnoll. You closely miss the gnoll.
You feel sick. The gnoll barely misses you.
You whack the gnoll!
The gnoll is almost dead.
You completely miss the gnoll.
The gnoll is almost dead.
The gnoll hits you with a +0 club!
* * * LOW HITPOINT WARNING * * *
You whack the gnoll!
You kill the gnoll!
Trog accepts your kill.
You start resting.
You feel a strong urge to attack something.
You start resting.
You feel your anger nearly subside.
You are no longer berserk.
You are exhausted.
You feel yourself slow down.
You die...

......##.
##...#...#.#.#.#
........
.......<...#.#..
......##
#...########.###
......#
#####+##+#+#.... ...
......###...........>.#
#.#
....##................#
#.#
.......##.............#
.#
.......##.......†)....#
.......##.......@†....#
.......##.......)...).#
...................#..#
##....................#
#....#.......$..#.##.#
#....#......(...#.# #
#..?..........
#..............


There were no monsters in sight!

Vanquished Creatures
  Menkaure (D:4)
  A bullfrog (Sewer)
  An iguana (D:4)
  Terence (D:2)
  A worker ant (D:4)
  4 gnolls (D:4)
  10 adders
  10 oozes (Sewer)
  3 dart slugs
  18 leopard geckos
  10 orcs
  11 ball pythons
  8 bats
  17 giant cockroaches
  12 goblins
  12 hobgoblins
  7 jackals
  A quokka (D:3)
  A ball python skeleton (D:4)
  9 frilled lizards
  13 kobolds
  12 rats
163 creatures vanquished.

Notes
Turn   | Place    | Note
-------+----------+-------------------------------------------
     0 | D:1      | Grim the Ogre Berserker began the quest for the Orb.
     0 | D:1      | Reached XP level 1. HP: 24/24 MP: 1/1
    73 | D:1      | Reached skill level 3 in Maces & Flails
    73 | D:1      | Reached XP level 2. HP: 29/32 MP: 2/2
   457 | D:1      | Reached XP level 3. HP: 40/40 MP: 3/3
   812 | D:2      | Reached ** piety under Trog
  1047 | D:2      | Reached skill level 4 in Maces & Flails
  1121 | D:2      | Found a shadowy altar of Dithmenos.
  1204 | D:2      | Reached XP level 4. HP: 49/49 MP: 4/4
  1382 | D:2      | Noticed Terence
  1392 | D:2      | Killed Terence
  1707 | D:3      | Reached XP level 5. HP: 43/55 MP: 5/5
  1749 | D:3      | Reached skill level 5 in Maces & Flails
  1937 | D:3      | Found a glowing drain.
  1945 | D:3      | Reached *** piety under Trog
  1963 | Sewer    | Entered a sewer
  2253 | Sewer    | Reached XP level 6. HP: 63/63 MP: 6/6
  2397 | Sewer    | Reached skill level 6 in Maces & Flails
  2466 | Sewer    | Reached **** piety under Trog
  3317 | D:4      | Noticed Menkaure
  3332 | D:4      | Killed Menkaure
  3332 | D:4      | Reached skill level 7 in Maces & Flails
  3332 | D:4      | Reached XP level 7. HP: 15/71 MP: 7/7
  3666 | D:4      | Got a crude whip
  3667 | D:4      | Identified the cursed +1 whip of Tanud {pain, *Corrode
                  | Fragile rF+++ SInv} (You found it on level 4 of the
                  | Dungeon)
  3723 | D:4      | HP: 1/106 [gnoll/+0 club (13)]
  3728 | D:4      | Succumbed to a worker ant's poison

Levels and vault maps discovered:
D:1:      minmay_arrival_solitary_statue, layout_basic, minmay_tromino_i2
D:2:      layout_rooms, nicolae_dithmenos_shadow_blocks,
          minmay_increasing_density, uniq_terence
D:3:      minmay_evil_eye, layout_loops_ring, portal_sewer_entry_f
D:4:      layout_basic, uniq_menkaure

Skill      XL: |  1  2  3  4  5  6 |
---------------+-------------------+-----
Maces & Flails | 3 4 5 7 |  7.6
Fighting       | |  4.4
Dodging        | |  2.6

Action                   |  1- 3 |  4- 6 |  7- 9 || total
-------------------------+-------+-------+-------++-------
Melee: Mace              |   108 |   297 |     4 ||   409
       Whip              |       |       |    24 ||    24
Throw: Javelin           |       |     1 |       ||     1
Invok: Berserk           |     2 |     4 |     1 ||     7
       Trog's Hand       |       |     1 |       ||     1
  Use: Scroll            |       |     3 |     1 ||     4
 Stab: Sleeping          |       |     1 |       ||     1
  Eat: Chunk             |     2 |    12 |     1 ||    15
       Ration            |       |       |     1 ||     1
Armor: Animal skin       |    53 |   117 |     8 ||   178
Dodge: Dodged            |    81 |   195 |    15 ||   291

Table legend:
 A = Non-vault XP
 B = Vault XP
 C = Vault XP percentage of total XP
 D = Non-vault monster count
 E = Vault monster count
 F = Vault count percentage of total count
                 A         B        C        D         E       F
            +---------+---------+-------+---------+---------+-------
      Total |     353 |     533 |  60.2 |      91 |      72 |  44.2
            +---------+---------+-------+---------+---------+-------
        D:1 |      46 |       3 |   6.1 |      24 |       2 |   7.7
        D:2 |      66 |      43 |  39.4 |      25 |       6 |  19.4
        D:3 |      85 |      32 |  27.4 |      25 |      12 |  32.4
        D:4 |     156 |     169 |  52.0 |      17 |       1 |   5.6
      Sewer |       0 |     286 | 100.0 |       0 |      51 | 100.0
            +---------+---------+-------+---------+---------+-------
